AoeStats
← varunalur2879

African Clearing

510648737Analyzed
4v4 RM · 1d ago on Oct 2, 2026· 35m 26s· 8 players
Game mode
Random Map
Map size
Large (8 player)
Population
200
Speed
Normal
Resources
Standard
Victory
Conquest
Starting age
Dark Age
Ending age
Imperial Age
RankedLock teamsTeams togetherTeam positionsShared explorationLock speedFull tech treeHidden civsTurbo modeCheats
Victory
Defeat
🇺🇸 Mongols · United States
1502
+11
🇺🇸 Britons · United States
1316
+19
🇺🇸 Khmer · United States
1306
+19
🇺🇸 Ethiopians · United States
1271
+20
🇨🇴 Vietnamese · Colombia
1509
-23
🇺🇸 Danes · United States
1380
-17
🇮🇳 Varangians · India
1327
-15
🇨🇭 Huns · Switzerland
1289
-14
Komibeorn
5:59 Loom
12:23 Feudal Age
13:16 Double-Bit Axe
17:49 Horse Collar
29:45 Castle Age
28:56 Fletching
Dr T
11:09 Loom
13:26 Feudal Age
14:35 Double-Bit Axe
18:19 Castle Age
16:11 Double-Bit Axe
19:58 Scale Mail Armor
23:30 Crossbowman
27:13 Fletching
28:17 Padded Archer Armor
29:32 Bodkin Arrow
31:11 Wheelbarrow
Peanut
9:46 Loom
12:55 Feudal Age
17:56 Castle Age
17:43 Town Watch
19:24 Fletching
20:20 Double-Bit Axe
21:08 Horse Collar
23:25 Bodkin Arrow
30:39 Bow Saw
31:50 Wheelbarrow
31:51 Ballistics
32:51 Wheelbarrow
34:06 Hand Cart
34:17 Padded Archer Armor
Mr. Snuss
10:35 Feudal Age
10:53 Loom
11:08 Double-Bit Axe
16:55 Castle Age
22:49 Fletching
24:14 Bodkin Arrow
25:55 Husbandry
27:42 Ballistics
29:22 Wheelbarrow
29:40 Thumb Ring
29:43 Town Watch
33:23 Bow Saw
33:56 Padded Archer Armor
34:24 Bloodlines
34:45 Horse Collar
varunalur2879
4:39 Loom
13:58 Feudal Age
22:32 Double-Bit Axe
22:33 Horse Collar
28:26 Wheelbarrow
31:09 Castle Age
30:12 Scale Mail Armor
30:22 Fletching
31:57 Bodkin Arrow
32:46 Guard Tower
33:25 Bow Saw
33:49 Town Watch
34:43 Hand Cart
35:11 Ballistics
HappyHalb
5:51 Loom
14:55 Feudal Age
18:39 Castle Age
16:49 Double-Bit Axe
16:48 Horse Collar
18:22 Scale Mail Armor
19:33 Gambesons
22:47 Squires
22:36 Gambesons
24:34 Arson
25:55 Chain Mail Armor
27:49 Wheelbarrow
29:07 Forging
30:49 Gold Mining
32:46 Iron Casting
[T41] Flavalon
9:58 Loom
13:24 Feudal Age
14:24 Town Watch
15:18 Forging
15:13 Scale Barding Armor
17:31 Bloodlines
18:46 Horse Collar
20:22 Wheelbarrow
26:19 Fletching
Ux'LeonzAoe
8:59 Loom
11:56 Feudal Age
12:27 Double-Bit Axe
12:24 Horse Collar
17:22 Forging
21:11 Wheelbarrow
24:08 Castle Age
23:02 Gold Mining
24:08 Town Watch
25:21 Bow Saw
25:13 Heavy Plow
32:31 Fletching
33:42 Bodkin Arrow
36:23 Ballistics
Connection lost

Rejoining the realm…

Still unreachable

The connection could not be restored.

Session expired

The server has moved on; the page needs a fresh start.